 Dungeon Crawl Stone Soup version 0.30.1-9-gdf580d7c3d (webtiles) character file.

Game seed: 2353630885233426338

373 lonewolfV2 the Shield-Bearer (level 7, -6/54 HPs)
             Began as a Formicid Fighter on Oct 3, 2023.
             Was an Initiate of Gozag.
             Mangled by an orc
             ... wielding a +0 trident
              (15 damage)
             ... on level 5 of the Dungeon.
             The game lasted 00:05:54 (4206 turns).

lonewolfV2 the Shield-Bearer (Formicid Fighter)     Turns: 4206, Time: 00:05:55

Health: -6/54      AC:  7    Str: 23    XL:     7   Next: 3%
Magic:  7/7        EV:  2    Int: 13    God:    Gozag
Gold:   728        SH:  0    Dex: 13    Spells: 6/6 levels left

rFire   . . .        a - +0 war axe
rCold   . . .        c - +1 buckler
rNeg    . . .        b - +0 scale mail
rPois   .            (helmet unavailable)
rElec   .            (no cloak)
rCorr   .            (no gloves)
SInv    +            (no boots)
Will    .....        (no amulet) Stlth
                     h - +6 ring of intelligence
HPRegen 0.29/turn    (no ring)
MPRegen 0.10/turn

%: no passive effects
@: lethally poisoned (-6 -> -18), sleeping, gold aura
A: permanent stasis, dig shafts and tunnels, antennae 3, four strong arms
a: Dig, Shaft Self, Renounce Religion, Potion Petition, Call Merchant, Bribe
Branch


You were on level 5 of the Dungeon.
You worshipped Gozag.
Gozag was pleased with you.
You visited 2 branches of the dungeon, and saw 6 of its levels.

You collected 786 gold pieces.
You paid 58 gold pieces to Gozag.

Inventory:

Hand Weapons
 a - a +0 war axe (weapon)
Armour
 b - a +0 scale mail (worn)
 c - a +1 buckler (worn)
Jewellery
 e - a ring of protection from fire
 h - a +6 ring of intelligence (left hand)
Scrolls
 j - a scroll of enchant armour
 k - a scroll of enchant weapon
 m - a scroll of poison
Potions
 d - a potion of might
 f - a potion of resistance
 g - a potion of heal wounds
 i - a potion of magic
 l - 2 potions of curing
 n - 2 potions of haste {unknown}


   Skills:
 + Level 4.0 Fighting
 + Level 4.8 Axes
 + Level 4.6 Armour
 + Level 1.6 Dodging
 + Level 0.4 Stealth
 + Level 5.0 Shields


You had 6 spell levels left.
You didn't know any spells.
Your spell library contained the following spells:

 Spells                   Type           Power      Damage    Failure   Level
 Ensorcelled Hibernation  Hex/Ice        0%         N/A       80%         2
 Passwall                 Tmut/Erth      0%         N/A       80%         2
 Swiftness                Air            Unusable   N/A       N/A         3

Dungeon Overview and Level Annotations

Branches:
Dungeon (5/15)             Temple (1/1) D:4

Altars:
Cheibriados
Gozag
Hepliaklqana
Makhleb
Okawaru
Ru
Sif Muna
Trog
Uskayaw
Vehumet
Xom

Portals:
Ossuary: D:5

Annotations:
D:4 2 transporters


Innate Abilities, Weirdness & Mutations

You cannot be hasted, slowed, berserked, paralysed or teleported.
You can dig through walls and to a lower floor.
You have a pair of large antennae on your head. (SInv)
Your four strong arms can wield two-handed weapons with a shield.


Message History

The sleepcap is distracted by your dazzling golden aura.
The hound barely misses you.
You hit the scorpion.
The scorpion is heavily wounded.
You hit the orc wizard. You slash the sleepcap!
The sleepcap is no longer distracted by gold.
You barely miss the hound. The scorpion stings you.
You are poisoned.
The scorpion poisons you! The hound barely misses you.
You block the orc wizard's attack. The sleepcap barely misses you.
The orc hits you from afar with a +0 trident.
The scorpion misses you. You block the hound's attack.
The orc closely misses you. The sleepcap barely misses you.
You closely miss the scorpion.
The scorpion is heavily wounded.
You hit the orc. You hit the sleepcap. You closely miss the hound.
You feel very sick. The scorpion stings you.
You are more poisoned.
The scorpion poisons you! You block the hound's attack.
You block the orc's attack.
The orc hits you from afar with a +0 trident.
The sleepcap closely misses you. The scorpion barely misses you.
You closely miss the hound.
The hound is severely wounded.
You hit the sleepcap but do no damage. You hit the scorpion.
You barely miss the orc.
* * * LOW HITPOINT WARNING * * *
You feel very sick. The hound bites you.
* * * LOW HITPOINT WARNING * * *
The hound bites you.
* * * LOW HITPOINT WARNING * * *
The sleepcap releases spores at you.
* * * LOW HITPOINT WARNING * * *
You are engulfed in a cloud of soporific spores!
You fall asleep.
The orc hits you from afar with a +0 trident!
You die...
Your body crumbles into a pile of gold.

#......## ...
....#..#..# ..
....#..#.∩.##.#####....
....##8..#..8..........
................## $
.................## {
.....o.o..........#
......oh..........###
#.....f@............#
#..#...s.........##.#
#.............##.#
#...............##.####
#......?........##<....
#..#.#..........##.....
#....[...........##>....
..#..#....#########.....
#.....


You could see a sleepcap, a scorpion, a hound, an orc wizard (invisible) and 2
orcs.

Vanquished Creatures
  2 orc priests (D:4)
  A sleepcap (D:4)
  An orc wizard (D:4)
  8 gnolls (D:4)
  9 adders
  A worm (D:2)
  8 orcs
  8 endoplasms
  3 giant cockroaches
  4 hobgoblins
  10 jackals
  5 kobolds
  4 quokkas
  9 ball pythons
  5 bats
  3 frilled lizards
  11 goblins
  9 rats
101 creatures vanquished.

Notes
Turn   | Place    | Note
-------+----------+-------------------------------------------
     0 | D:1      | lonewolfV2 the Formicid Fighter began the quest for the
                  | Orb.
     0 | D:1      | Reached XP level 1. HP: 18/18 MP: 1/1
   125 | D:1      | Reached XP level 2. HP: 24/24 MP: 2/2
   526 | D:1      | Reached XP level 3. HP: 28/29 MP: 3/3
   910 | D:2      | Reached XP level 4. HP: 33/35 MP: 4/4
  1093 | D:2      | Reached skill level 1 in Dodging
  1164 | D:2      | Found a burning altar of Makhleb.
  1220 | D:2      | Reached XP level 5. HP: 41/42 MP: 5/5
  1596 | D:3      | Identified a scroll of acquirement
  1596 | D:3      | Acquired 553 gold pieces
  2383 | D:4      | Found a transporter.
  2441 | D:4      | Found a transporter.
  2555 | D:4      | Reached XP level 6. HP: 33/48 MP: 6/6
  2682 | D:4      | Found a staircase to the Ecumenical Temple.
  2706 | Temple   | Entered the Ecumenical Temple
  2756 | Temple   | Became a worshipper of Gozag Ym Sagoz the Greedy
  3535 | D:4      | Reached skill level 5 in Shields
  4037 | D:5      | Entered Level 5 of the Dungeon
  4053 | D:5      | Reached XP level 7. HP: 30/54 MP: 7/7
  4187 | D:5      | Found a sand-covered staircase.
  4206 | D:5      | Mangled by an orc

Illustrated notes

Levels and vault maps discovered:
D:1:      mrwooster_arrival_statue_3, layout_basic, serial_glass,
          glass_columns_a, glass_columns_b
D:2:      layout_loops_cross, basic_altar
D:3:      layout_rooms
D:4:      gammafunk_wand_slinger, layout_basic, temple_doors_e,
          nicolae_concentric_dashed_squares_wild
D:5:      layout_rooms, lightli_ossuary_entry_decrepit_ruins, moated_statue
Temple:   jpeg_temple_clearing

Skill      XL: |  1  2  3  4  5  6 |
---------------+-------------------+-----
Axes           | 3 4 |  4.8
Dodging        | 1 |  1.6
Armour         | 4 |  4.6
Fighting       | 4 |  4.0
Shields        | 5 |  5.0
Stealth        | |  0.4

Action                     |  1- 3 |  4- 6 |  7- 9 || total
---------------------------+-------+-------+-------++-------
  Melee: War axe           |    69 |   199 |     9 ||   277
    Use: Scroll            |       |    10 |       ||    10
         Potion            |       |     4 |       ||     4
 Armour: Scale mail        |    48 |   114 |     4 ||   166
  Dodge: Dodged            |    42 |   127 |    13 ||   182
  Block: Buckler           |    29 |    74 |    10 ||   113
